 Dungeon Sprint DCSS version 0.21.1-1-g345015f (webtiles) character file.

9958 Fang the Executioner (level 11, -1/122 HPs)
             Began as a Minotaur Berserker on June 13, 2018.
             Was the Champion of Trog.
             Slain by an ettin
             ... wielding a +0 dire flail
              (35 damage)
             ... in the Dungeon (Sprint IX: "|||||||||||||||||||||||||||||") on June 14, 2018.
             The game lasted 00:03:14 (1921 turns).

Fang the Executioner (Minotaur Berserker)           Turns: 1921, Time: 00:03:15

Health: -1/122     AC:  7    Str: 24    XL:     11   Next: 29%
Magic:  10/10      EV: 19    Int:  4    God:    Trog [******]
Gold:   14         SH:  0    Dex: 14    Spells: 10/10 levels left

rFire    . . .     SeeInvis .   q - +3 battleaxe (chop)
rCold    . . .     Gourm    .   (shield currently unavailable)
rNeg     . . .     Faith    .   b - +0 animal skin
rPois    .         Spirit   .   (helmet restricted)
rElec    .         Reflect  .   (no cloak)
rCorr    .         Harm     .   (no gloves)
MR       +....     NoTele   +   (no boots)
Stlth    ++........             (no amulet)
HPRegen  0.30/turn              p - +3 ring of dexterity
MPRegen  0.12/turn              o - +2 ring of protection

@: berserk cooldown, slowed, very slow
A: retaliatory headbutt, horns 2, rugged brown scales 1, thin metallic scales 1,
magic resistance 1
a: Berserk, Trog's Hand, Brothers in Arms, Burn Spellbooks, Renounce Religion


You were in the Dungeon.
You worshipped Trog.
Trog was exalted by your worship.
You were very hungry.

You visited 1 branch You collected 14 gold pieces.

Inventory:

Hand Weapons
 a - a +0 hand axe
 q - a +3 battleaxe of chopping (weapon)
Armour
 b - a +0 animal skin (worn)
Jewellery
 o - a +2 ring of protection (right hand)
 p - a +3 ring of dexterity (left hand)
Wands
 m - a wand of acid (10)
Scrolls
 i - 3 scrolls of blinking
 l - 4 scrolls of remove curse
 r - 3 scrolls of fog
 s - 2 scrolls of enchant armour
Potions
 d - 6 potions of curing
 e - 3 potions of heal wounds
 f - a potion of haste
 g - 4 potions of magic
 h - 2 potions of berserk rage
 k - a potion of invisibility
 n - 2 potions of brilliance
Comestibles
 j - 11 rations


   Skills:
 + Level 18.2 Fighting
 + Level 21.3 Axes
 + Level 6.9 Armour
 + Level 11.5 Dodging
 + Level 3.1 Stealth


You had 10 spell levels left.
You didn't know any spells.

Dungeon Overview and Level Annotations

Branches:
Dungeon (1/1)

Altars:
Cheibriados
Dithmenos
Elyvilon
Fedhas
Gozag
Hepliaklqana
Kikubaaqudgha
Makhleb
Nemelex Xobeh
Okawaru
Qazlal
Ru
Sif Muna
Trog
Uskayaw
Vehumet
Wu Jian
Xom
Yredelemnul
Zin
The Shining One
Beogh
Jiyva
Lugonu


Innate Abilities, Weirdness & Mutations

You reflexively headbutt those who attack you in melee.
You have a pair of horns on your head.
You are partially covered in rugged brown scales. (AC +1, +3% HP)
You are partially covered in thin metallic scales. (AC +2)
You are resistant to hostile enchantments. (MR+)


Message History

Trog accepts your kill. Something appears at your feet!
Trog grants you a weapon!
An orc wizard comes into view. It is wielding a dagger.
The orc wizard shouts!
You slice the orc!!
You kill the orc!
Trog accepts your kill.
You hear a shout!
The ettin hits you but does no damage.
The ettin hits you with a dire flail! x2
* * * LOW HITPOINT WARNING * * *
The ettin barely misses you.
An orc comes into view. It is wielding a hand axe.
Items here: $ )))) [[[ †††† You slice the ettin!!
You headbutt the ettin!
The ettin is almost dead.
You barely miss the ettin. Your headbutt misses the ettin.
The ettin is almost dead.
The ettin hits you with a dire flail!!
You die...

▓▓▓▓▓▓▓▓▓▓▓▓▓▓▓▓▓▓▓▓▓▓▓▓
............'())@C$o.o..
▓▓▓▓▓▓▓▓▓▓▓▓▓▓▓▓▓▓▓▓▓▓▓▓▓▓▓▓▓▓▓▓▓
.................................
▓▓▓▓▓▓▓▓▓▓▓▓▓▓▓▓▓▓▓▓▓▓▓▓▓▓▓▓▓▓▓▓▓
......'......))....)÷.........'..
▓▓▓▓▓▓▓▓▓▓▓▓▓▓▓▓▓▓▓▓▓▓▓▓▓▓▓▓▓▓▓▓▓
.................................
▓▓▓▓▓▓▓▓▓▓▓▓▓▓▓▓▓▓▓▓▓▓▓▓▓▓▓▓▓▓▓▓▓
...).....)†)...'_________________


You could see an ettin, an orc wizard and an orc.

Vanquished Creatures
  2 dire elephants (D)
  2 hydras (D)
  A centaur warrior (D)
  An unseen horror (D)
  An orc sorcerer (D)
  An ugly thing (D)
  6 elephants (D)
  A spiny frog (D)
  A polar bear (D)
  3 hippogriffs (D)
  A wyvern (D)
  A yak (D)
  A basilisk (D)
  An acid dragon (D)
  2 porcupines (D)
  2 ogres (D)
  2 orc warriors (D)
  A centaur (D)
  2 crocodiles (D)
  A big kobold (D)
  4 bullfrogs (D)
  A scorpion (D)
  An orc priest (D)
  2 orc wizards (D)
  An adder zombie (D)
  3 adder skeletons (D)
  7 orcs (D)
  A bat (D)
  2 kobolds (D)
  2 rats (D)
57 creatures vanquished.

Vanquished Creatures (collateral kills)
  A blink frog (D)
1 creature vanquished.

Grand Total: 58 creatures vanquished

Notes
Turn   | Place    | Note
-------+----------+-------------------------------------------
     0 | D        | Fang the Minotaur Berserker began the quest for the Orb.
     0 | D        | Reached XP level 1. HP: 19/19 MP: 0/0
     9 | D        | Reached skill level 4 in Axes
    10 | D        | Reached ** piety under Trog
   118 | D        | Noticed an ogre
   118 | D        | Noticed a scorpion
   118 | D        | Noticed a centaur
   122 | D        | Killed an ogre
   122 | D        | Reached skill level 8 in Axes
   122 | D        | Reached XP level 2. HP: 34/34 MP: 1/1
   122 | D        | Reached XP level 3. HP: 39/39 MP: 2/2
   122 | D        | Reached XP level 4. HP: 47/47 MP: 3/3
   124 | D        | Reached *** piety under Trog
   127 | D        | Reached skill level 9 in Axes
   127 | D        | Reached XP level 5. HP: 53/53 MP: 4/4
   133 | D        | Killed a centaur
   133 | D        | Reached skill level 10 in Axes
   239 | D        | Found a roughly hewn altar of Beogh.
   239 | D        | Found a snail-covered altar of Cheibriados.
   239 | D        | Found a shadowy altar of Dithmenos.
   239 | D        | Found a white marble altar of Elyvilon.
   239 | D        | Found a blossoming altar of Fedhas.
   239 | D        | Found an opulent altar of Gozag.
   240 | D        | Found a hazy altar of Hepliaklqana.
   241 | D        | Found a viscous altar of Jiyva.
   242 | D        | Found an ancient bone altar of Kikubaaqudgha.
   243 | D        | Found a corrupted altar of Lugonu.
   244 | D        | Found a burning altar of Makhleb.
   245 | D        | Found a sparkling altar of Nemelex Xobeh.
   246 | D        | Found an iron altar of Okawaru.
   247 | D        | Found a stormy altar of Qazlal.
   248 | D        | Found a sacrificial altar of Ru.
   249 | D        | Found a deep blue altar of Sif Muna.
   250 | D        | Found a bloodstained altar of Trog.
   251 | D        | Found a hide-covered altar of Uskayaw.
   252 | D        | Found a radiant altar of Vehumet.
   253 | D        | Found an ornate altar of the Wu Jian Council.
   254 | D        | Found a shimmering altar of Xom.
   255 | D        | Found a basalt altar of Yredelemnul.
   256 | D        | Found a glowing silver altar of Zin.
   257 | D        | Found a glowing golden altar of the Shining One.
   276 | D        | Found the +5 demon whip "Spellbinder" {antimagic, MR+}
   289 | D        | Reached **** piety under Trog
   293 | D        | Reached skill level 11 in Axes
   293 | D        | Reached XP level 6. HP: 66/66 MP: 5/5
   299 | D        | Reached skill level 10 in Fighting
   300 | D        | Reached ***** piety under Trog
   435 | D        | Noticed an acid dragon
   435 | D        | Noticed a centaur warrior
   435 | D        | Noticed a purple ugly thing
   442 | D        | Killed an acid dragon
   442 | D        | Reached skill level 12 in Axes
   442 | D        | Reached skill level 5 in Armour
   442 | D        | Reached skill level 5 in Dodging
   446 | D        | Killed an unseen horror
   446 | D        | Reached skill level 14 in Axes
   446 | D        | Reached XP level 7. HP: 39/78 MP: 6/6
   446 | D        | Reached XP level 8. HP: 42/85 MP: 7/7
   455 | D        | Killed a centaur warrior
   455 | D        | Received a gift from Trog
   455 | D        | Reached skill level 16 in Axes
   460 | D        | Killed a purple ugly thing
   460 | D        | Reached XP level 9. HP: 47/95 MP: 8/8
   817 | D        | Gained mutation: Your flesh is cold resistant. (rC+) [potion of mutation]
   817 | D        | Gained mutation: Your movements are slightly less encumbered by armour. (ER -2) [potion of mutation]
   818 | D        | Lost mutation: Your movements are slightly less encumbered by armour. (ER -2) [potion of mutation]
   818 | D        | Lost mutation: Your flesh is cold resistant. (rC+) [potion of mutation]
   818 | D        | Gained mutation: You are resistant to hostile enchantments. (MR+) [potion of mutation]
   818 | D        | Gained mutation: You are partially covered in thin metallic scales. (AC +2) [potion of mutation]
   818 | D        | Gained mutation: You are partially covered in rugged brown scales. (AC +1, +3% HP) [potion of mutation]
   832 | D        | Reached skill level 17 in Axes
   836 | D        | Received a gift from Trog
   839 | D        | Reached skill level 15 in Fighting
  1103 | D        | Noticed a spiny frog
  1103 | D        | Noticed a five-headed hydra
  1103 | D        | Noticed a four-headed hydra
  1107 | D        | Noticed a polar bear
  1111 | D        | Killed a seven-headed hydra
  1111 | D        | Reached skill level 18 in Axes
  1111 | D        | Reached skill level 1 in Stealth
  1112 | D        | Killed a five-headed hydra
  1112 | D        | Reached XP level 10. HP: 38/110 MP: 9/9
  1114 | D        | Killed a spiny frog
  1114 | D        | Reached skill level 19 in Axes
  1446 | D        | Noticed an elephant
  1446 | D        | Noticed an elephant
  1446 | D        | Noticed an elephant
  1446 | D        | Noticed a dire elephant
  1446 | D        | Noticed a dire elephant
  1446 | D        | Noticed an elephant
  1449 | D        | Killed an elephant
  1453 | D        | Killed an elephant
  1453 | D        | Reached skill level 10 in Dodging
  1459 | D        | Killed a dire elephant
  1459 | D        | Reached skill level 20 in Axes
  1465 | D        | Killed a dire elephant
  1465 | D        | Received a gift from Trog
  1465 | D        | Reached XP level 11. HP: 108/120 MP: 10/10
  1481 | D        | Reached skill level 21 in Axes
  1893 | D        | Noticed an orc sorcerer
  1900 | D        | Killed an orc sorcerer
  1903 | D        | Received a gift from Trog
  1903 | D        | Reached ****** piety under Trog
  1914 | D        | Noticed an ettin
  1917 | D        | Received a gift from Trog
  1921 | D        | Slain by an ettin

Skill      XL: |  1  2  3  4  5  6  7  8  9 10 11 |
---------------+----------------------------------+-----
Fighting       | 7 8 9 12 14 16 17 18 | 18.2
Axes           | 8 9 11 14 16 18 20 21 | 21.3
Armour         | 3 4 5 6 |  6.9
Dodging        | 3 4 6 7 9 10 11 | 11.5
Stealth        | 1 2 3 |  3.1

Action                   |  1- 3 |  4- 6 |  7- 9 | 10-12 || total
-------------------------+-------+-------+-------+-------++-------
Melee: Hand axe          |    13 |     9 |       |       ||    22
       Headbutt          |       |    10 |     7 |    19 ||    36
       War axe           |       |    21 |    11 |       ||    32
       Battleaxe         |       |       |    22 |    67 ||    89
Invok: Berserk           |     1 |     2 |     1 |     2 ||     6
       Brothers in Arms  |       |       |     3 |       ||     3
  Use: Potion            |       |       |     2 |       ||     2
  Eat: Chunk             |       |       |     3 |     2 ||     5
       Ration            |       |       |     1 |       ||     1
Armor: Animal skin       |     3 |       |     7 |    10 ||    20
Dodge: Dodged            |     3 |     8 |    25 |    30 ||    66
